 Dungeon Crawl Stone Soup version 0.23.0 (webtiles) character file.

Game seed: 552614517856020288

10889 Haldmier the Slicer (level 11, -7/63 HPs)
             Began as a Tengu Enchanter on Feb 10, 2019.
             Was a Priest of Ashenzari.
             Mangled by an eight-headed hydra (13 damage)
             ... on level 1 of the Lair of Beasts.
             The game lasted 00:55:48 (12014 turns).

Haldmier the Slicer (Tengu Enchanter)              Turns: 12014, Time: 00:55:49

Health: -7/63      AC:  4    Str:  8    XL:     11   Next: 69%
Magic:  26/27      EV: 19    Int: 18    God:    Ashenzari [***...]
Gold:   371        SH:  6    Dex: 16    Spells: 3/18 levels left

rFire    + . .     SeeInvis +   c - +6 rapier of Qigruebi {pierce, *Drain rElec rF+ MR+++} (curse)
rCold    . . .     Gourm    .   x - +0 buckler (curse)
rNeg     . . .     Faith    .   z - +0 troll leather armour
rPois    .         Spirit   .   (helmet restricted)
rElec    +         Reflect  .   (no cloak)
rCorr    .         Harm     .   (no gloves)
MR       +++..                  (boots unavailable)
Stlth    ++++......             D - amulet of magic regeneration
HPRegen  0.60/turn              q - ring of wizardry
MPRegen  0.45/turn              i - ring of magical power

@: flying quickly and evasively, studying Transmutations, quick
A: beak, talons 3, able to fly
a: Stop Flying, Curse Item, Scrying, Renounce Religion


You were on level 1 of the Lair of Beasts.
You worshipped Ashenzari.
Ashenzari was most pleased with you.
You were not hungry.

You visited 3 branches of the dungeon, and saw 12 of its levels.

You collected 707 gold pieces.
You spent 336 gold pieces at shops.

Inventory:

Hand Weapons
 b - a +1 scimitar
 c - the cursed +6 rapier of Qigruebi (weapon) {pierce, *Drain rElec rF+ MR+++}
   (You found it on level 4 of the Dungeon)

   It inflicts extra damage upon your enemies.
   It protects you from fire.
   It insulates you from electricity.
   It affects your resistance to hostile enchantments.
   It causes draining when unequipped.
   It has a curse placed upon it.
 I - a +5 dagger of venom
Missiles
 s - 23 tomahawks (quivered)
Armour
 x - a cursed +0 buckler (worn)
 z - a +0 troll leather armour (worn)
 N - a +3 leather armour of poison resistance
Magical Staves
 L - an uncursed staff of power
Jewellery
 g - an uncursed ring of resist corrosion
 i - a ring of magical power (right hand)
 q - a ring of wizardry (left hand)
 D - an amulet of magic regeneration (around neck)
 G - an uncursed ring of stealth
 P - an uncursed amulet of harm
Wands
 f - a wand of random effects (21)
 t - a wand of flame (13)
 y - a wand of polymorph (8)
 A - a wand of paralysis (20)
 M - a wand of iceblast (22)
Scrolls
 a - a scroll of brand weapon
 e - 6 scrolls of teleportation
 k - 2 scrolls of enchant armour
 n - 4 scrolls of magic mapping
 o - 3 scrolls of fog
 r - 3 scrolls of remove curse
 B - 4 scrolls of identify
 E - a scroll of amnesia
 H - 2 scrolls of blinking
 J - 3 scrolls of enchant weapon
 Q - a scroll of vulnerability {unknown}
Potions
 h - 4 potions of curing
 j - a potion of invisibility
 l - 4 potions of lignification
 p - a potion of might
 u - 2 potions of agility
 v - 4 potions of cancellation
 w - 2 potions of haste
 C - a potion of magic
 F - 2 potions of ambrosia
 O - a potion of resistance {unknown}
Books
 m - a manual of Transmutations
Comestibles
 d - 15 rations


   Skills:
 + Level 5.0 Fighting
 + Level 9.4(12.2) Short Blades
 + Level 7.3 Dodging
 + Level 7.6 Stealth
 - Level 4.0(5.7) Shields
 - Level 4.0 Spellcasting
 + Level 4.7 Conjurations
 + Level 6.5 Hexes
 - Level 4.0 Fire Magic
 + Level 4.2 Ice Magic


You had 3 spell levels left.
You knew the following spells:

 Your Spells              Type           Power        Failure   Level  Hunger
a - Corona                Hex            ####...      1%          1    None
b - Ensorcelled Hibernat  Hex/Ice        ###...       1%          2    ##.....
c - Confuse               Hex            ####....     1%          3    ###....
d - Dazzling Spray        Conj/Hex       ###...       2%          3    ###....
e - Tukima's Dance        Hex            ####....     1%          3    ###....
f - Conjure Flame         Conj/Fire      ###.....     4%          3    ###....

Your spell library contained the following spells:

 Spells                   Type           Power        Failure   Level  Hunger
 Flame Tongue             Conj/Fire      ###..        1%          1    None
 Throw Flame              Conj/Fire      ###...       2%          2    ##.....
 Inner Flame              Hex/Fire       ###.....     3%          3    ###....
 Sticky Flame             Conj/Fire      ###.....     14%         4    ####...
 Fireball                 Conj/Fire      ###.......   36%         5    ######.


Dungeon Overview and Level Annotations

Branches:
Dungeon (10/15)            Temple (1/1) D:6            Lair (1/6) D:10
    Orc (0/2) D:9

Altars:
Ashenzari
Cheibriados
Dithmenos
Elyvilon
Fedhas
Gozag
Hepliaklqana
Kikubaaqudgha
Makhleb
Nemelex Xobeh
Okawaru
Qazlal
Ru
Sif Muna
Trog
Uskayaw
Vehumet
Wu Jian
Xom
Yredelemnul
Zin
The Shining One

Shops:
D:7 ?


Innate Abilities, Weirdness & Mutations

You have a beak for a mouth.
You have claws for feet.
You can fly continuously.


Message History

The eight-headed hydra misses you.
The eight-headed hydra closely misses you.
The eight-headed hydra bites you! x2
You completely miss the eight-headed hydra.
You claw the eight-headed hydra. You peck the eight-headed hydra.
The eight-headed hydra is almost dead.
You completely miss the eight-headed hydra.
You claw the eight-headed hydra, but do no damage.
You peck the eight-headed hydra.
The eight-headed hydra is almost dead.
The eight-headed hydra bites you!
* * * LOW HITPOINT WARNING * * *
The eight-headed hydra bites you but does no damage.
The eight-headed hydra completely misses you.
The eight-headed hydra bites you!
* * * LOW HITPOINT WARNING * * *
You block the eight-headed hydra's attack.
The eight-headed hydra completely misses you.
The eight-headed hydra misses you. The eight-headed hydra bites you!
You die...

## #....# #....# #... .# ##.P###
###'.#####.#. ##
###.+P#####.......##... #######
#........#.......##.... ......#
##.......#.+..D...#....#
......####..........#.....#..#...
......##..+.......#.#.....#......
......'..##...)...#.####..#......
......#.##......@.+##.⌠.##.[##.⌠.
......#####......D##.....#..#....
+#P....#.###.P.#.##.⌠.>.........>
≈≈≈.....######.#####.............
≈P≈...#.P##.##.# ##.⌠.#...#..⌠.
≈≈P...#.####...#### ##.####..#...
≈PP...#.###.+##.#P## ##.# #......
≈≈....#.#..........# ### ##..#..
≈≈....#.#.........## ####...#.


You could see an eight-headed hydra (blind).

Vanquished Creatures
  2 spiny frogs (Lair:1)
  A komodo dragon (Lair:1)
  5 trolls
  2 hippogriffs
  Grum (D:10)
  A wraith (D:10)
  A human (D:8)
  16 yaks
  Edmund (D:4)
  5 water moccasins
  5 porcupines
  Duvessa (D:5)
  4 ice beasts
  An orc warrior (D:9)
  4 sky beasts
  A hornet zombie (D:10)
  A swamp drake (D:9)
  4 ogres
  6 wolves
  3 phantoms
  4 centaurs
  6 crocodiles
  4 bullfrogs
  Dowan (D:5)
  2 scorpions
  3 wights (D:8)
  5 howler monkeys
  4 crimson imps
  A bullfrog zombie (D:9)
  4 orc priests
  A jelly (D:5)
  3 hounds
  8 orc wizards
  2 bullfrog skeletons (D:4)
  A centaur skeleton (D:5)
  Terence (D:2)
  3 worker ants
  3 hound skeletons
  A worker ant zombie (D:10)
  4 adders
  4 gnolls (D:2)
  3 shadow imps
  An ooze (D:2)
  4 worms
  2 dart slugs
  10 leopard geckos
  39 orcs
  8 giant cockroaches
  8 goblins
  5 hobgoblins
  7 jackals (D:5)
  5 quokkas
  6 bats
  8 frilled lizards
  7 kobolds
  2 leopard gecko skeletons
  A quokka skeleton (D:5)
  4 rats
250 creatures vanquished.

Vanquished Creatures (collateral kills)
  An orc warrior (D:9)
1 creature vanquished.

Vanquished Creatures (others)
  A dancing weapon (D:9)
  2 fungi (Lair:1)
  A plant (D:10)
4 creatures vanquished.

Grand Total: 255 creatures vanquished

Notes
Turn   | Place    | Note
-------+----------+-------------------------------------------
     0 | D:1      | Haldmier the Tengu Enchanter began the quest for the Orb.
     0 | D:1      | Reached XP level 1. HP: 10/10 MP: 4/4
     5 | D:1      | You fall through a shaft!
    70 | D:2      | Noticed Terence
   139 | D:1      | Reached XP level 2. HP: 9/15 MP: 4/6
   303 | D:1      | Learned a level 2 spell: Ensorcelled Hibernation
   690 | D:1      | Reached XP level 3. HP: 19/19 MP: 5/7
  1961 | D:2      | Killed Terence
  1961 | D:2      | Reached skill level 1 in Ice Magic
  1961 | D:2      | Reached XP level 4. HP: 18/24 MP: 3/8
  2213 | D:2      | Reached skill level 2 in Short Blades
  2487 | D:2      | Gained mutation: You can fly continuously. [Tengu growth]
  2487 | D:2      | Reached XP level 5. HP: 27/28 MP: 4/9
  2583 | D:2      | Learned a level 3 spell: Confuse
  2587 | D:2      | Learned a level 3 spell: Dazzling Spray
  2830 | D:3      | Found a faded altar of an unknown god.
  3291 | D:4      | Noticed a centaur
  3293 | D:4      | Killed a centaur
  3293 | D:4      | Reached XP level 6. HP: 32/32 MP: 9/11
  3434 | D:4      | Got an ichor-stained rapier
  3553 | D:4      | Identified the +6 rapier of Qigruebi {pierce, *Drain rElec
                  | rF+ MR+++} (You found it on level 4 of the Dungeon)
  3564 | D:4      | Found a basalt altar of Yredelemnul.
  3564 | D:4      | Found an iron altar of Okawaru.
  3611 | D:4      | Reached skill level 1 in Shields
  3611 | D:4      | Reached skill level 1 in Conjurations
  3899 | D:4      | Noticed a +0 hand axe
  3899 | D:4      | Noticed a +0 dagger
  3901 | D:4      | Found a hide-covered altar of Uskayaw.
  3907 | D:4      | Reached skill level 3 in Short Blades
  4236 | D:4      | Reached XP level 7. HP: 36/36 MP: 12/12
  4443 | D:5      | Entered Level 5 of the Dungeon
  4443 | D:5      | Noticed Duvessa
  4443 | D:5      | Noticed Dowan
  4634 | D:5      | Noticed Edmund
  4670 | D:4      | Killed Edmund
  5143 | D:5      | Reached XP level 8. HP: 30/41 MP: 13/13
  5346 | D:5      | Killed Duvessa
  5346 | D:5      | Reached skill level 4 in Short Blades
  5348 | D:5      | Killed Dowan
  6318 | D:6      | Reached skill level 5 in Short Blades
  6388 | D:6      | Reached XP level 9. HP: 45/45 MP: 15/15
  6518 | D:6      | Found a staircase to the Ecumenical Temple.
  6528 | Temple   | Entered the Ecumenical Temple
  6671 | Temple   | Became a worshipper of Ashenzari the Shackled
  6790 | D:6      | Reached skill level 5 in Stealth
  7109 | D:6      | Learned a level 3 spell: Tukima's Dance
  7116 | D:6      | Found a glowing golden altar of the Shining One.
  7334 | D:7      | Reached skill level 6 in Short Blades
  7589 | D:7      | Reached skill level 1 in Fighting
  7603 | D:7      | Found Eggaffot's Magic Scroll Boutique.
  7610 | D:7      | Bought a scroll of remove curse for 42 gold pieces
  7632 | D:7      | Reached skill level 5 in Dodging
  7820 | D:7      | Bought a scroll of brand weapon for 280 gold pieces
  7820 | D:7      | Bought a scroll of noise for 14 gold pieces
  7931 | D:7      | Reached * piety under Ashenzari
  8028 | D:7      | Learned a level 3 spell: Conjure Flame
  8049 | D:7      | Reached skill level 5 in Hexes
  8660 | D:8      | Found an opulent altar of Gozag.
  8661 | D:8      | Found a glowing silver altar of Zin.
  8709 | D:8      | Reached skill level 1 in Fire Magic
  8865 | D:8      | Reached ** piety under Ashenzari
  9089 | D:9      | Noticed a troll
  9094 | D:9      | Killed a troll
  9094 | D:9      | Reached XP level 10. HP: 53/53 MP: 17/17
  9134 | D:9      | Reached skill level 7 in Short Blades
  9269 | D:9      | Identified the cursed +0 mace of the Shoals {crush, rC+ MR+
                  | Int-3}
  9697 | D:9      | Found a staircase to the Orcish Mines.
  9864 | D:9      | Found an iron altar of Okawaru.
 10207 | D:10     | Entered Level 10 of the Dungeon
 10327 | D:10     | Reached skill level 8 in Short Blades
 10416 | D:10     | Found a staircase to the Lair.
 10530 | D:10     | Reached XP level 11. HP: 61/61 MP: 18/18
 10713 | D:10     | Reached skill level 9 in Short Blades
 10913 | D:10     | Noticed Grum
 10948 | D:10     | Killed Grum
 11061 | Lair:1   | Entered Level 1 of the Lair of Beasts
 11119 | Lair:1   | Noticed an eight-headed hydra
 11413 | Lair:1   | Reached *** piety under Ashenzari
 11897 | Lair:1   | Reached skill level 5 in Fighting
 12014 | Lair:1   | Mangled by an eight-headed hydra

Skill      XL: |  1  2  3  4  5  6  7  8  9 10 11 |
---------------+----------------------------------+-----
Ice Magic      | 1 2 3 4 |  4.2
Short Blades   | 2 3 5 6 8 9 |  9.4
Dodging        | 3 4 5 6 7 |  7.3
Hexes          | 3 4 5 6 |  6.5
Shields        | 1 2 4 |  4.0
Conjurations   | 1 2 3 4 |  4.7
Stealth        | 4 5 6 7 |  7.6
Spellcasting   | 3 4 |  4.0
Fighting       | 2 4 5 |  5.0
Fire Magic     | 1 3 4 |  4.0

Action                   |  1- 3 |  4- 6 |  7- 9 | 10-12 || total
-------------------------+-------+-------+-------+-------++-------
Melee: Dagger            |    40 |    81 |       |       ||   121
       Kick              |    14 |    19 |    43 |    29 ||   105
       Peck              |     8 |    14 |    24 |    23 ||    69
       Short sword       |    31 |       |       |       ||    31
       Rapier            |       |    32 |   216 |   185 ||   433
 Cast: Corona            |     4 |       |     9 |     3 ||    16
       Ensorcelled Hiber |    16 |    19 |    27 |    73 ||   135
       Dazzling Spray    |       |     3 |     4 |    10 ||    17
       Confuse           |       |     9 |     8 |    10 ||    27
       Tukima's Dance    |       |       |     1 |     4 ||     5
Invok: Curse Item        |       |       |     2 |       ||     2
 Abil: Fly               |       |     1 |       |       ||     1
Evoke: Wand              |       |       |     5 |       ||     5
  Use: Scroll            |       |     6 |    17 |     1 ||    24
       Potion            |       |       |     2 |       ||     2
 Stab: Sleeping          |    11 |    17 |    19 |    44 ||    91
       Invisible         |       |     1 |       |     1 ||     2
       Confused          |       |     1 |     3 |     4 ||     8
  Eat: Chunk             |     4 |     6 |    13 |    13 ||    36
       Ration            |       |     1 |     1 |       ||     2
Armor: Robe              |    12 |    14 |     7 |       ||    33
       Leather armour    |       |       |     6 |     4 ||    10
       Troll leather arm |       |       |       |    10 ||    10
Dodge: Dodged            |    43 |    66 |   101 |    91 ||   301
Block: Buckler           |       |     8 |    32 |    32 ||    72
